 Dungeon Crawl Stone Soup version 0.28-a0-1506-g3893175d92 (webtiles) character file.

Game seed: 653805931312629242

205 tatocazan the Skirmisher (level 5, -4/34 HPs)
             Began as a Gargoyle Fighter on Jan 13, 2022.
             Killed from afar by an orc wizard (6 damage)
             ... with a puff of flame
             ... on level 4 of the Dungeon.
             The game lasted 00:02:59 (3534 turns).

tatocazan the Skirmisher (Gargoyle Fighter)         Turns: 3534, Time: 00:03:00

Health: -4/34      AC: 10    Str: 21    XL:     5   Next: 83%
Magic:  5/5        EV: 10    Int:  9    God:
Gold:   89         SH:  5    Dex: 15    Spells: 4/4 levels left

rFire   . . .      SeeInvis +   a - +0 flail
rCold   . . .      Faith    .   c - +0 buckler
rNeg    + + .      Spirit   .   n - +0 ring mail of Sappuzyl {rElec rN+ Dex+4 SInv}
rPois   ∞          Reflect  .   (helmet restricted)
rElec   +          Harm     .   (no cloak)
rCorr   .          Rampage  .   (no gloves)
Will    .....                   (no boots)
Stlth   +.........              (no amulet)
HPRegen 0.11/turn               (no ring)
MPRegen 0.09/turn               (no ring)

@: hasted, very quick
A: sickness immunity, AC +4, negative energy resistance 1, electricity
resistance, torment resistance 1, petrification resistance, horns 1, agile 1
a: no special abilities


You were on level 4 of the Dungeon.
You visited 1 branch of the dungeon, and saw 4 of its levels.

You collected 89 gold pieces.

Inventory:

Hand Weapons
 a - a +0 flail (weapon)
Armour
 b - a +0 scale mail
 c - a +0 buckler (worn)
 j - a +0 chain mail
 n - the +0 ring mail of Sappuzyl (worn) {rElec rN+ Dex+4 SInv}
   (You found it on level 2 of the Dungeon)

   Dex:       It affects your dexterity (+4).
   rElec:     It insulates you from electricity.
   rN:        It protects you from negative energy.
   SInv:      It lets you see invisible.
Jewellery
 i - a ring of see invisible
 q - a ring of magical power
Scrolls
 f - a scroll of blinking {unknown}
 g - a scroll of silence {unknown}
 h - 3 scrolls of teleportation {unknown}
 k - a scroll of vulnerability {unknown}
 l - a scroll of brand weapon {unknown}
 m - a scroll of enchant weapon {unknown}
 p - 2 scrolls of identify {unknown}
Potions
 d - a potion of resistance
 e - a potion of mutation


   Skills:
 + Level 4.4 Fighting
 + Level 3.3 Maces & Flails
 + Level 4.4 Armour
 + Level 4.4 Shields


You had 4 spell levels left.
You didn't know any spells.
Your spell library contained the following spells:

 Spells                   Type           Power      Damage    Failure   Level
 Animate Skeleton         Necr           0%         N/A       63%         1
 Pain                     Necr           0%         1d4       63%         1
 Conjure Flame            Conj/Fire      0%         6-21      94%         3
 Dazzling Flash           Conj/Hex       0%         N/A       94%         3
 Vampiric Draining        Necr           0%         2d6       94%         3
 Iskenderun's Mystic Bla  Conj/Tloc      0%         2d3       100%        4
 Sticky Flame             Conj/Fire      0%         2d3       100%        4
 Starburst                Conj/Fire      0%         6d3       100%        6
 Lehudib's Crystal Spear  Conj/Erth      0%         10d2      100%        8


Dungeon Overview and Level Annotations

Branches:
Dungeon (4/15)
 Temple: D:4-7

Altars:
Hepliaklqana


Innate Abilities, Weirdness & Mutations

You are immune to sickness and miasma.
Your stone body is resilient. (AC +4)
You are immune to poison.
You resist negative energy. (rN+)
You are resistant to electric shocks. (rElec)
You are resistant to unholy torment.
You are immune to petrification.
You have a pair of small horns on your head.
You are agile. (Dex +2)


Message History

The orc wizard points at you and mumbles some strange words.
You resist with some effort.
You miss the orc wizard.
The orc wizard is almost dead.
The orc priest hits you but does no damage.
The orc closely misses you.
The orc wizard gestures at you while chanting.
The puff of flame hits you!
The orc priest invokes the aid of Beogh against you.
Beogh smites you!
* * * LOW HITPOINT WARNING * * *
The orc hits you with a +0 club.
* * * LOW HITPOINT WARNING * * *
You are too injured to fight recklessly!
You are too injured to fight recklessly!
You are too injured to fight recklessly!
You are too injured to fight recklessly!
You take 22 damage, and have 8/34 hp.
MASSIVE DAMAGE!!
You are too injured to fight recklessly!
You are too injured to fight recklessly!
You are too injured to fight recklessly!
You are too injured to fight recklessly!
You are too injured to fight recklessly!
You are too injured to fight recklessly!
You are too injured to fight recklessly!
You are too injured to fight recklessly!
You are too injured to fight recklessly!
You are too injured to fight recklessly!
It was a potion of mutation.
You feel extremely strange.
You feel agile. A pair of horns grows on your head!
The orc wizard gestures at you while chanting.
The magic dart hits you!
* * * LOW HITPOINT WARNING * * *
The orc priest hits you but does no damage.
You block the orc's attack.
You take 7 damage, and have 1/34 hp.
MASSIVE DAMAGE!!
It was a potion of haste.
You feel yourself speed up.
The orc wizard gestures at you while chanting.
The puff of flame hits you.
You die...

##.... .... ...... .... ....#
..... ...###....# #.........#
#......$..# #..oo.....#
#..@o.# #..#### ##..# ###..##
#..#####....# #......
#..........####.......≈
#...........#...........
##.......................
......###.....................


You could see an orc priest, an orc wizard and an orc.

Vanquished Creatures
  A necrophage (D:3)
  Natasha (D:3)
  An adder (D:2)
  4 worms
  A dart slug (D:2)
  3 orcs (D:3)
  5 endoplasms
  A giant cockroach (D:1)
  A goblin (D:3)
  7 hobgoblins
  4 jackals (D:1)
  8 kobolds
  4 quokkas
  6 ball pythons
  10 bats
  5 frilled lizards
  7 rats
69 creatures vanquished.

Notes
Turn   | Place    | Note
-------+----------+-------------------------------------------
     0 | D:1      | tatocazan the Gargoyle Fighter began the quest for the Orb.
     0 | D:1      | Reached XP level 1. HP: 14/14 MP: 1/1
   234 | D:1      | Reached XP level 2. HP: 19/19 MP: 2/2
   806 | D:1      | Reached XP level 3. HP: 17/23 MP: 3/3
  1735 | D:2      | Identified the +0 ring mail of Sappuzyl {rElec rN+ Dex+4
                  | SInv}
  1893 | D:2      | Found a faded altar of an unknown god.
  2321 | D:2      | Reached XP level 4. HP: 29/29 MP: 4/4
  2522 | D:3      | Got Vehumet's Grimoire of Conjuration
  2637 | D:3      | Noticed a necrophage
  2643 | D:3      | Killed a necrophage
  2644 | D:3      | Reached XP level 5. HP: 30/33 MP: 5/5
  2671 | D:3      | Found a hazy altar of Hepliaklqana.
  3214 | D:3      | Noticed Natasha
  3225 | D:3      | Killed Natasha
  3533 | D:4      | Gained mutation: You are agile. (Dex +2) [potion of
                  | mutation]
  3533 | D:4      | Gained mutation: You have a pair of small horns on your
                  | head. [potion of mutation]
  3533 | D:4      | HP: 1/34 [orc wizard/magic dart (7)]
  3534 | D:4      | Killed from afar by an orc wizard

Illustrated notes

Levels and vault maps discovered:
D:1:      wander_arrival_abandoned_jail, layout_rooms, serial_glass,
          glass_columns_a, glass_columns_c, serial_bayou_lagoon_a,
          minmay_cut_off
D:2:      layout_loops_ring, ebering_ecumenical_altar_ruins
D:3:      layout_loops_ring, mainiacjoe_overflow_boulevard, uniq_natasha
D:4:      layout_layer_cave, mainiacjoe_overflow_concentric_impassable,
          eino_curves_03

Skill      XL: |  1  2  3  4 |
---------------+-------------+-----
Fighting       | 4 |  4.4
Maces & Flails | 3 |  3.3
Armour         | 4 |  4.4
Shields        | 4 |  4.4

Action                   |  1- 3 |  4- 6 || total
-------------------------+-------+-------++-------
Melee: Flail             |   135 |   116 ||   251
  Use: Potion            |       |     3 ||     3
Armor: Scale mail        |    49 |       ||    49
       Chain mail        |    20 |       ||    20
       Ring mail         |    11 |    58 ||    69
Dodge: Dodged            |    82 |    65 ||   147
Block: Buckler           |    33 |    31 ||    64

Table legend: (Time is in decaauts)
 A = Elapsed time spent in this place.
 B = Non-inter-level travel time spent in this place.
 C = Inter-level travel time spent in this place.
 D = Time resting spent in this place.
 E = Time spent auto-exploring this place.
 F = Levels seen in this place.
 G = Mean time per level.
                   A        B        C        D        E       F      G
               +--------+--------+--------+--------+--------+-----+--------+
         Total |   3621 |   3531 |     90 |    463 |   2510 |   4 |  905.2 |
       Dungeon |   3621 |   3531 |     90 |    463 |   2510 |   4 |  905.2 |
               +--------+--------+--------+--------+--------+-----+--------+

Top non-repeatable levels by time:
     D:1: 1420 daAuts
     D:3: 1150 daAuts
     D:2: 1000 daAuts
     D:4: 51 daAuts
